 Dungeon Crawl Stone Soup version bcrawl-1.32 (webtiles) character file.

Game seed: 7623180477344720635

347525 KristoblXynda the Carver (level 11, 0/99 HPs)
             Began as a Yellow Draconian Gladiator on July 14, 2021.
             Was a Believer of Ashenzari.
             Slain by Harold
             ... wielding a +0 trident of freezing
              (4 damage)
             ... on level 11 of the Dungeon.
             The game lasted 00:20:50 (9901 turns).

KristoblXynda the Carver (DrGl)                     Turns: 9901, Time: 00:20:51

Health: 0/99       AC: 11    Str: 16    XL:     11   Next: 16%
Magic:  5/15       EV: 19    Int: 11    God:    Ashenzari [**....]
Gold:   1251       SH:  0    Dex: 21    Spells: 10/10 levels left

rFire    + + .     SeeInvis .   G - +3 rapier of the Curious Gods {vamp, Dex+7} (curse)
rCold    . . .     Gourm    .   (no shield)
rNeg     . . .     Faith    .   (armour unavailable)
rPois    .         Spirit   .   b - +1 hat
rElec    .         Reflect  .   (no cloak)
rCorr    +         Harm     .   A - +1 pair of gloves
MR       .....                  j - +0 pair of boots
Stlth    ++........             y - amulet "Zarixavi" {Regen rF++} (curse)
HPRegen  0.41/turn              (no ring)
MPRegen  0.14/turn              n - ring of wizardry (curse)

@: slowed, lightly drained, very slow
A: spit acid, acid resistance, unfitting armour, cold-blooded, AC +7
a: Breathe Acid, Curse Item, Scrying, Renounce Religion


You were on level 11 of the Dungeon.
You worshipped Ashenzari.
Ashenzari was pleased with you.
You were hungry.

You visited 2 branches of the dungeon, and saw 12 of its levels.
You also visited: Bailey.

You collected 1506 gold pieces.
You spent 255 gold pieces at shops.

Inventory:

Hand Weapons
 a - a +0 long sword
 D - the +5 scythe "Finisher" {speed, eviscerate}
   (You found it on level 9 of the Dungeon)

   Attacks with this weapon are significantly faster.
 G - the cursed +3 rapier of the Curious Gods (weapon) {vamp, Dex+7}
   (You found it on level 10 of the Dungeon)

   It inflicts no extra harm, but heals its wielder when it wounds a living foe.
   It affects your dexterity (+7).
   It has a curse placed upon it.
Missiles
 c - 3 throwing nets {=f}
Armour
 b - a +1 hat (worn)
 j - a +0 pair of boots (worn)
 z - a +0 medium shield
 A - a +1 pair of gloves (worn)
Jewellery
 i - an uncursed ring of flight
 m - an uncursed ring of protection from cold
 n - a cursed ring of wizardry (right hand)
 s - an uncursed amulet of the gourmand
 y - the cursed amulet "Zarixavi" (around neck) {Regen rF++}
   (You found it on level 5 of the Dungeon)

   [amulet of regeneration]

   It greatly protects you from fire.
   It has a curse placed upon it.
Wands
 w - a wand of digging (7)
 x - a wand of iceblast (1)
Scrolls
 f - a scroll of enchant weapon
 h - 2 scrolls of magic mapping
 k - a scroll of teleportation
 v - 3 scrolls of blinking
 C - 2 scrolls of fog
Potions
 d - a potion of cancellation
 g - 3 potions of lignification
 l - 5 potions of curing
 o - 4 potions of magic
 p - 2 potions of heal wounds
 t - a potion of invisibility {unknown}
 u - a potion of flight
Miscellaneous
 q - a phial of floods
Comestibles
 e - 17 rations {!d}


   Skills:
 + Level 10.0(9.8) Fighting
 - Level 11.0(10.7) Long Blades
 - Level 3.1(2.8) Throwing
 + Level 8.4(8.1) Dodging
 + Level 1.3(1.1) Shields
 + Level 5.5(6.8) Evocations


You had 10 spell levels left.
You didn't know any spells.
Your spell library was empty.

Dungeon Overview and Level Annotations

Branches:
Dungeon (11/12)            Temple (1/1) D:7            Lair (0/6) D:8
    Orc: D:8-11      Vaults: D:11-12

Altars:
Ashenzari
Cheibriados
Dithmenos
Elyvilon
Fedhas
Gozag
Hepliaklqana
Kikubaaqudgha
Lugonu
Makhleb
Nemelex Xobeh
Okawaru
Qazlal
Ru
Sif Muna
Trog
Uskayaw
Vehumet
Wu Jian
Xom
Yredelemnul
Zin
The Shining One

Shops:
D:4 =   D:9 !

Annotations:
D:7 Joseph
D:11 Harold


Innate Abilities, Weirdness & Mutations

You can spit globs of acid.
You are resistant to acid.
Your golden yellow scales are hard. (AC +7)
You cannot fit into any form of body armour.
You are cold-blooded and may be slowed by cold attacks.


Message History

The eye of draining gazes at you.
You feel your power leaking away.
You barely miss the slime creature.
The slime creature is moderately wounded.
The slime creature closely misses you. Harold barely misses you.
No path to travel!
You puncture the slime creature!
You feel better.
The slime creature is heavily wounded.
The slime creature hits you!
Harold hits you from afar with a +0 trident of freezing!
* * * LOW HITPOINT WARNING * * *
Harold freezes you.
* * * LOW HITPOINT WARNING * * *
The howler monkey hoots and howls with incredible vigour!
The slime creature hits you.
* * * LOW HITPOINT WARNING * * *
Harold hits you from afar with a +0 trident of freezing!
* * * LOW HITPOINT WARNING * * *
You feel yourself slow down. Harold freezes you.
You die...

.# * ##.###
#.... , , #...,
#..# * . #..#
,..
#####..###.#.
#.J@hGh...... ,
#@###.T......
** #.#
#o.##.##., #.#
#.{##.##. **
#.# #T.......,
,, #.#
#..#.#.#..#
#.#*#...###...#
#.##.#.#<..#
#.#.###....#,,,
< *..# #.......


You could see Harold, a slime creature, an eye of draining and 2 howler monkeys.

Vanquished Creatures
  Pikel (D:6)
  A cyclops (D:8)
  2 centaur skeletons (D:9)
  2 komodo dragons (D:8)
  Prince Ribbit (D:7)
  Grinder (D:4)
  6 wraiths
  2 wyverns
  A human (D:8)
  4 hogs (D:8)
  4 yaks (D:8)
  2 hungry ghosts
  Edmund (D:6)
  A water moccasin (D:7)
  A soldier ant (D:10)
  9 orc warriors
  A hornet zombie (D:7)
  An ice beast (D:7)
  A slave (D:6)
  2 black bears
  4 ogres
  2 big kobolds
  3 bullfrogs
  A wyvern zombie (D:7)
  2 scorpions
  A vampire bat (D:2)
  A troll skeleton (D:7)
  6 wights
  7 crimson imps
  5 human zombies (D:7)
  7 orc wizards
  A bullfrog skeleton (D:8)
  A gnoll shaman (D:10)
  2 orc priests
  2 hounds
  2 iguanas (D:9)
  8 worker ants
  Ijyb (D:3)
  A hound zombie (D:6)
  3 mummies (D:7)
  3 worker ant zombies
  9 adders
  12 gnolls
  2 oozes
  An adder skeleton (D:9)
  6 worms
  3 leopard geckos
  33 orcs
  5 bat skeletons (D:2)
  A bat zombie (D:2)
  A giant cockroach (D:1)
  9 goblins
  13 hobgoblins
  6 jackals
  30 kobolds
  3 quokkas
  2 bats
  3 frilled lizards
  A quokka skeleton (D:5)
  2 rats
249 creatures vanquished.

Vanquished Creatures (others)
  A slave (D:6)
  13 plants (D:8)
14 creatures vanquished.

Grand Total: 263 creatures vanquished

Notes
Turn   | Place    | Note
-------+----------+-------------------------------------------
     0 | D:1      | KristoblXynda the Draconian Gladiator began the quest for
                  | the Orb.
     0 | D:1      | Reached XP level 1. HP: 19/19 MP: 1/1
   138 | D:1      | Reached XP level 2. HP: 21/26 MP: 2/2
   761 | D:2      | Found a radiant altar of Vehumet.
   836 | D:2      | Found a sacrificial altar of Ru.
   897 | D:2      | Reached XP level 3. HP: 33/33 MP: 3/3
   990 | D:2      | Found an ancient bone altar of Kikubaaqudgha.
  1000 | D:2      | Reached skill level 4 in Long Blades
  1000 | D:2      | Reached XP level 4. HP: 40/40 MP: 4/4
  1431 | D:3      | Found a shattered altar of Ashenzari.
  1431 | D:3      | Noticed Ijyb
  1559 | D:3      | Killed Ijyb
  1952 | D:3      | Reached XP level 5. HP: 30/46 MP: 5/5
  2476 | D:3      | Found a faded altar of an unknown god.
  2573 | D:4      | Found an ornate altar of the Wu Jian Council.
  2633 | D:4      | Reached skill level 5 in Long Blades
  2689 | D:4      | Found Xatrulla's Jewellery Shop.
  2746 | D:4      | Noticed Grinder
  2765 | D:4      | Paralysed by Grinder for 2 turns
  2773 | D:4      | Paralysed by Grinder for 4 turns
  2789 | D:4      | Killed Grinder
  2790 | D:4      | Reached skill level 5 in Fighting
  2790 | D:4      | Reached XP level 6. HP: 56/56 MP: 6/6
  3011 | D:4      | Found a blossoming altar of Fedhas.
  3223 | D:4      | Found a burning altar of Makhleb.
  3231 | D:4      | Your scales start taking on a golden yellow colour.
  3231 | D:4      | Reached XP level 7. HP: 61/61 MP: 7/7
  3296 | D:3      | Became a worshipper of Ashenzari the Shackled
  3489 | D:4      | Reached skill level 6 in Long Blades
  3918 | D:5      | Entered Level 5 of the Dungeon
  4023 | D:5      | Identified the amulet "Zarixavi" {Regen rF++}
  4607 | D:5      | Found a snail-covered altar of Cheibriados.
  4707 | D:6      | Noticed Pikel
  4720 | D:6      | Killed Pikel
  4721 | D:6      | Reached skill level 7 in Long Blades
  4721 | D:6      | Reached skill level 5 in Dodging
  4721 | D:6      | Reached XP level 8. HP: 71/71 MP: 8/8
  4874 | D:6      | Noticed Edmund
  4883 | D:6      | Killed Edmund
  4884 | D:6      | Reached skill level 8 in Long Blades
  4934 | D:6      | Reached * piety under Ashenzari
  4939 | D:6      | Found a sparkling altar of Nemelex Xobeh.
  5571 | D:7      | Noticed Joseph
  5606 | D:7      | Found an opulent altar of Gozag.
  5608 | D:7      | Found a flagged portal.
  5625 | Bailey   | Entered a bailey
  5820 | Bailey   | Reached XP level 9. HP: 79/79 MP: 9/9
  5850 | Bailey   | Reached skill level 9 in Long Blades
  6012 | D:7      | Found a staircase to the Ecumenical Temple.
  6080 | Temple   | Entered the Ecumenical Temple
  6628 | D:7      | Noticed Prince Ribbit
  6657 | D:7      | Killed Prince Ribbit
  6658 | D:7      | Reached skill level 1 in Evocations
  6809 | D:7      | Found a bloodstained altar of Trog.
  6970 | D:7      | Found a basalt altar of Yredelemnul.
  7173 | D:8      | Reached skill level 10 in Long Blades
  7239 | D:8      | Reached XP level 10. HP: 77/90 MP: 11/11
  7533 | D:8      | Found a glowing golden altar of the Shining One.
  7550 | D:8      | Noticed a cyclops
  7590 | D:8      | Killed a cyclops
  7775 | D:8      | Found a sparkling altar of Nemelex Xobeh.
  7866 | D:8      | Found a corrupted altar of Lugonu.
  8057 | D:8      | Found a staircase to the Lair.
  8545 | D:9      | Found Jublet's Distillery.
  8571 | D:9      | Bought a potion of heal wounds for 85 gold pieces
  8571 | D:9      | Bought a potion of heal wounds for 85 gold pieces
  8571 | D:9      | Bought a potion of heal wounds for 85 gold pieces
  8636 | D:9      | Reached skill level 5 in Evocations
  8771 | D:9      | Reached ** piety under Ashenzari
  8821 | D:9      | Found a stormy altar of Qazlal.
  8855 | D:9      | Reached XP level 11. HP: 99/99 MP: 14/14
  8894 | D:9      | Reached skill level 11 in Long Blades
  8993 | D:9      | Found the +5 scythe "Finisher" {speed, eviscerate}
  9257 | D:10     | Entered Level 10 of the Dungeon
  9298 | D:10     | Got the cursed rapier of the Curious Gods {vamp, Dex+7}
  9308 | D:10     | Identified the cursed +3 rapier of the Curious Gods {vamp,
                  | Dex+7} (You found it on level 10 of the Dungeon)
  9553 | D:10     | Reached skill level 10 in Fighting
  9553 | D:10     | Reached skill level 1 in Shields
  9882 | D:11     | Noticed Harold
  9901 | D:11     | HP: 4/99 [Harold/+0 trident of freezing (12)]
  9901 | D:11     | Slain by Harold

Skill      XL: |  1  2  3  4  5  6  7  8  9 10 11 |
---------------+----------------------------------+-----
Throwing       | 2 3 |  3.1
Dodging        | 3 4 5 6 7 8 |  8.4
Long Blades    | 4 5 7 8 10 11 | 11.0
Fighting       | 4 5 6 7 8 9 10 | 10.0
Evocations     | 2 5 |  5.5
Shields        | 1 |  1.3

Action                   |  1- 3 |  4- 6 |  7- 9 | 10-12 || total
-------------------------+-------+-------+-------+-------++-------
Melee: Long sword        |    72 |    32 |       |       ||   104
       Tailslap          |     5 |    18 |    40 |    73 ||   136
       Unarmed           |       |    21 |       |       ||    21
       Dagger            |       |   115 |   333 |   329 ||   777
       Rapier            |       |       |       |   147 ||   147
Throw: Tomahawk          |       |       |    51 |       ||    51
Invok: Curse Item        |       |       |     1 |     1 ||     2
 Abil: Breathe Acid      |       |       |    11 |    10 ||    21
Evoke: Wand              |       |       |     6 |       ||     6
  Use: Scroll            |       |     6 |    10 |     5 ||    21
       Potion            |       |     3 |       |     3 ||     6
 Stab: Sleeping          |       |     1 |       |       ||     1
  Eat: Chunk             |     2 |     4 |    11 |    15 ||    32
       Ration            |       |     2 |     3 |     3 ||     8
Armor: Skin              |    21 |    67 |    89 |    80 ||   257
Dodge: Dodged            |    46 |    89 |   236 |   325 ||   696
Block: Other             |     3 |       |       |       ||     3
